 Dungeon Crawl Stone Soup version 0.21-a0-442-g848f44b (webtiles) character file.

939 tof the Twirler (level 7, -3/55 HPs)
             Began as a Demonspawn Gladiator on Nov 12, 2017.
             Was a Follower of Okawaru.
             Slain by a wight
             ... wielding a +0 scimitar
              (12 damage)
             ... on level 5 of the Dungeon.
             The game lasted 00:10:14 (4971 turns).

tof the Twirler (Demonspawn Gladiator)              Turns: 4971, Time: 00:10:15

Health: -3/55      AC:  5    Str: 15    XL:     7   Next: 87%
Magic:  6/7        EV: 13    Int:  9    God:    Okawaru [*.....]
Gold:   261        SH:  0    Dex: 16    Spells: 6/6 levels left

rFire    . . .     SeeInvis .   a - +0 quarterstaff
rCold    . . .     Gourm    .   (shield currently unavailable)
rNeg     . . .     Faith    .   s - +0 ring mail
rPois    .         Spirit   .   (helmet restricted)
rElec    .         Reflect  .   (no cloak)
rCorr    .         Harm     .   (no gloves)
MR       .....                  (no boots)
Stlth    +.........             (no amulet)
HPRegen  0.18/turn              (no ring)
MPRegen  0.10/turn              (no ring)

@: drained
A: horns 2
a: Heroism, Renounce Religion


You were on level 5 of the Dungeon.
You worshipped Okawaru.
Okawaru was aware of your devotion.
You were not hungry.

You visited 1 branch of the dungeon, and saw 5 of its levels.

You collected 261 gold pieces.

Inventory:

Hand Weapons
 a - a +0 quarterstaff (weapon)
Missiles
 b - 8 tomahawks
 d - 3 throwing nets
 n - 19 poisoned needles
 x - 4 javelins (quivered)
Armour
 s - a +0 ring mail (worn)
Wands
 v - a wand of random effects (28/48)
 y - a wand of polymorph (10/24)
Scrolls
 c - a scroll of enchant armour {unknown}
 e - 3 scrolls of recharging {unknown}
 h - 2 scrolls of fear {unknown}
 j - 4 scrolls of remove curse {unknown}
 k - 2 scrolls of magic mapping {unknown}
 l - 2 scrolls of identify {unknown}
 p - 5 scrolls of teleportation {unknown}
 q - a scroll of random uselessness {unknown}
 t - 2 scrolls of amnesia {unknown}
 z - a scroll of fog {unknown}
Potions
 g - 4 potions of curing {unknown}
 m - a potion of cancellation {unknown}
 r - a potion of heal wounds {unknown}
 u - 2 potions of resistance {unknown}
 w - a potion of might {unknown}
Comestibles
 f - 4 bread rations
 i - 2 meat rations
 o - a royal jelly


   Skills:
 + Level 4.3(4.0) Fighting
 * Level 5.7(5.4) Staves
 + Level 2.8(2.6) Throwing
 + Level 3.2(2.9) Armour
 + Level 4.3(4.0) Dodging


You had 6 spell levels left.
You didn't know any spells.

Dungeon Overview and Level Annotations

Branches:
Dungeon (5/15)             Temple (0/1) D:5

Altars:
Ashenzari
Cheibriados
Gozag
Okawaru
Ru
Trog


Innate Abilities, Weirdness & Mutations

You have a pair of horns on your head.


Message History

an uncursed shortbow; 27 arrows You barely miss the wight.
The wight misses you. The wight closely misses you.
You closely miss the wight.
The worm moves out of view.
The wight hits you with a scimitar.
You feel drained.
You hit the wight but do no damage. The wight barely misses you.
You closely miss the wight. The wight hits you with a scimitar.
* * * LOW HITPOINT WARNING * * *
The wight misses you.
You closely miss the wight. The wight hits you but does no damage.
The wight hits you with a scimitar.
* * * LOW HITPOINT WARNING * * *
You hit the wight but do no damage. You hit the wight but do no damage.
You feel like a meek peon again. The wight barely misses you.
The wight hits you with a scimitar.
* * * LOW HITPOINT WARNING * * *
You barely miss the wight.
You headbutt the wight, but do no damage.
The wight misses you. The wight hits you with a scimitar!
You die...

#. .. #. #.# #. #.# ##.
#.# #.. ####.# #.. .
##.##.# ##..
(...####.(.#.########...
...5zzz@................
....####...#.########..(
. ##.#..# #.#. #.#...#
#.## ##...## #.# ##.##
#.# #.# #.# #.# #.## #.#
#...


You could see 3 wights and a crimson imp.

Vanquished Creatures
  An ice beast (D:3)
  2 ogres
  A centaur (D:5)
  A big kobold (D:4)
  A scorpion (D:4)
  2 crimson imps
  An orc priest (D:4)
  A hound (D:3)
  3 orc wizards (D:4)
  Jessica (D:3)
  2 worker ants
  5 adders
  3 gnolls (D:2)
  2 oozes
  2 adder zombies
  A worm (D:4)
  4 dart slugs
  5 leopard geckos
  3 orcs
  2 bats (D:2)
  3 giant cockroaches
  5 goblins
  2 hobgoblins (D:2)
  10 jackals
  3 quokkas
  2 ball pythons
  2 frilled lizards
  A jackal skeleton (D:4)
  26 kobolds
  A leopard gecko skeleton (D:5)
  9 rats
  2 plants (D:4)
109 creatures vanquished.

Vanquished Creatures (others)
  A plant (D:4)
1 creature vanquished.

Grand Total: 110 creatures vanquished

Notes
Turn   | Place    | Note
-------+----------+-------------------------------------------
     0 | D:1      | tof the Demonspawn Gladiator began the quest for the Orb.
     0 | D:1      | Reached XP level 1. HP: 16/16 MP: 1/1
   166 | D:1      | Gained mutation: You have a pair of small horns on your head. [demonic ancestry]
   166 | D:1      | Reached XP level 2. HP: 22/22 MP: 2/2
   679 | D:2      | Reached skill level 3 in Staves
   946 | D:2      | Reached XP level 3. HP: 27/28 MP: 3/3
   965 | D:2      | Reached skill level 1 in Armour
  1242 | D:2      | Gained mutation: You have a pair of horns on your head. [demonic ancestry]
  1242 | D:2      | Reached XP level 4. HP: 33/34 MP: 4/4
  1646 | D:2      | Found an opulent altar of Gozag.
  1659 | D:2      | Found a sacrificial altar of Ru.
  2099 | D:3      | Noticed an ice beast
  2106 | D:3      | Killed an ice beast
  2106 | D:3      | Reached skill level 4 in Staves
  2106 | D:3      | Reached XP level 5. HP: 32/41 MP: 5/5
  2398 | D:2      | Reached XP level 6. HP: 23/47 MP: 6/6
  2732 | D:3      | Found an iron altar of Okawaru.
  2738 | D:3      | Noticed Jessica
  2742 | D:3      | Became a worshipper of Warmaster Okawaru
  2746 | D:3      | Killed Jessica
  3002 | D:4      | Found a shattered altar of Ashenzari.
  3024 | D:4      | Found a snail-covered altar of Cheibriados.
  3605 | D:4      | Reached skill level 5 in Staves
  3619 | D:4      | Reached XP level 7. HP: 30/53 MP: 7/7
  4266 | D:4      | Found a bloodstained altar of Trog.
  4498 | D:5      | Entered Level 5 of the Dungeon
  4513 | D:5      | Found a staircase to the Ecumenical Temple.
  4520 | D:5      | Reached * piety under Okawaru
  4971 | D:5      | Slain by a wight

Vault maps used:
D:1:      elethiomel_arrival_shortcut
D:2:      nicolae_ru_path_of_blood, grunt_gozag_statues
D:3:      serial_bayou_pond_b, okawaru_trees_1, uniq_jessica
D:4:      kennysheep_kobold_camp, kennysheep_slug_shrine,
          nicolae_ashenzari_panopticon, first_bread,
          hangedman_abyss_or_decor_stagger, trog_book
D:5:      minmay_temple_entry_statues_fountains

Skill      XL: |  1  2  3  4  5  6  7 |
---------------+----------------------+-----
Staves         | 3 4 5 |  5.7
Armour         | 1 2 3 |  3.2
Dodging        | 3 4 |  4.3
Fighting       | 3 4 |  4.3
Throwing       | 2 |  2.8

Action                   |  1- 3 |  4- 6 |  7- 9 || total
-------------------------+-------+-------+-------++-------
Melee: Quarterstaff      |    78 |   128 |   114 ||   320
       Headbutt          |     6 |    21 |    24 ||    51
Throw: Tomahawk          |       |     6 |       ||     6
       Javelin           |       |     7 |    24 ||    31
Invok: Heroism           |       |       |     1 ||     1
 Stab: Sleeping          |     1 |     1 |       ||     2
  Eat: Chunk             |       |     8 |     5 ||    13
Armor: Leather armour    |    18 |     4 |       ||    22
       Ring mail         |       |    33 |    13 ||    46
Dodge: Dodged            |    55 |   100 |    45 ||   200

Table legend:
 A = Spawn XP
 B = Non-spawn XP
 C = Spawn XP percentage of total XP
 D = Spawn monster count
 E = Non-spawn monster count
 F = Spawn count percentage of total count
 G = Total turns spent on level
                    A         B        C        D         E        F      G
               +---------+---------+-------+---------+---------+-------+---------
         Total |       0 |    1342 |   0.0 |       0 |     107 |   0.0 |  4971
               +---------+---------+-------+---------+---------+-------+---------
           D:1 |       0 |      16 |   0.0 |       0 |      10 |   0.0 |   677
           D:2 |       0 |     172 |   0.0 |       0 |      35 |   0.0 |  1512
           D:3 |       0 |     257 |   0.0 |       0 |      15 |   0.0 |   943
           D:4 |       0 |     550 |   0.0 |       0 |      36 |   0.0 |  1366
           D:5 |       0 |     347 |   0.0 |       0 |      11 |   0.0 |   473
               +---------+---------+-------+---------+---------+-------+---------
